 Dungeon Sprint DCSS version 0.15.0 (webtiles) character file.

200 Iskender the Martial Artist (level 5, -14/27 HPs)
             Began as a Vine Stalker Monk on Aug 29, 2014.
             Was a Follower of Qazlal.
             Demolished by a slime creature (16 damage)
             ... in the Dungeon (Sprint I: "Red Sonja").
             The game lasted 00:02:39 (233 turns).

Iskender the Martial Artist (Vine Stalker Monk)      Turns: 233, Time: 00:02:39

HP -14/27        AC  3     Str 13      XL: 5   Next: 79%
MP   0/7         EV 12     Int 10      God: Qazlal [*.....]
Gold 301         SH  2     Dex 18      Spells:  0 memorised,  4 levels left

rFire  . . .     SeeInvis .       - Unarmed
rCold  . . .     Clarity  .     i - +0 leather armour
rNeg   . . .     rCorr    .     (no shield)
rPois  .         rRot     +     (no helmet)
rElec  .         Spirit   +     (no cloak)
SustAb .         Warding  .     (no gloves)
rMut   .         NoTele   +     (no boots)
Gourm  .                        (no amulet)
MR     .....                    (no ring)
                                (no ring)

@: not resistant to hostile enchantments, unstealthy
A: fangs 2, regeneration 1, magic shield, antimagic bite, no device heal 3, rot
immunity
a: Renounce Religion


You were in the Dungeon.
You worshipped Qazlal.
Qazlal was aware of your devotion.
You were not hungry.

You visited 1 branch You collected 301 gold pieces.

Inventory:

Armour
 a - a +0 robe
 i - a +0 leather armour (worn)
Comestibles
 b - 2 bread rations
Scrolls
 h - a scroll of blinking
Potions
 c - a potion of curing
 e - 2 potions of haste
 f - 2 potions of magic


   Skills:
 - Level 2.6 Fighting
 + Level 2.4 Dodging
 - Level 2.4 Stealth
 - Level 11.9 Unarmed Combat
 + Level 0.0 Invocations


You had 4 spell levels left.
You didn't know any spells.

Dungeon Overview and Level Annotations

Branches:
Dungeon (1/1)

Altars:
Cheibriados
Dithmenos
Elyvilon
Fedhas
Kikubaaqudgha
Makhleb
Nemelex Xobeh
Okawaru
Qazlal
Sif Muna
Trog
Vehumet
Xom
Yredelemnul
Zin
The Shining One
Jiyva

Shops:
D !


Innate Abilities, Weirdness & Mutations

You have extremely sharp teeth.
Your natural rate of healing is unusually fast.
When hurt, damage is shared between your health and your magic reserves.
Your bite disrupts and absorbs the magic of your enemies.
Potions and wands cannot restore your health.
You are immune to rotting.


Message History

The blast of ice hits the slime creature.
The slime creature is moderately wounded.
The slime creature is flash-frozen.
You can no longer call upon nature to destroy your foes.
You hit the slime creature but do no damage.
The slime creature is moderately wounded.
You punch the slime creature! You bite the slime creature! You drain its power.
You feel invigorated.
The slime creature is severely wounded.
The slime creature hits you!
You barely miss the slime creature.
The slime creature is severely wounded.
The slime creature hits you!!
Ouch! That really hurt!
* * * LOW HITPOINT WARNING * * *
You hit the slime creature.
The slime creature is severely wounded.
The slime creature hits you!
Ouch! That really hurt!
You die...

###################
#<.#..'..#.)+..#__#
#..').#..'..#@J'..+
#..#####'#####'#__#
#..####..#...#.# #
#..#_.####..##.#
#..#_..._##'#..+
#⌠⌠#_.∩...'..._#
####_..._##_.#'#
#_____###+#.#
####### ###


You could see a slime creature.

Vanquished Creatures
  An ogre (D)
  Sigmund (D)
  A jelly (D)
  Ijyb (D)
4 creatures vanquished.

Notes
Turn   | Place    | Note
--------------------------------------------------------------
     0 | D        | Iskender, the Vine Stalker Monk, began the quest for the Orb.
     0 | D        | Reached XP level 1. HP: 11/11 MP: 1/1
     1 | D        | Noticed Ijyb
     6 | D        | Noticed an ogre
    13 | D        | Killed Ijyb
    13 | D        | Reached skill level 6 in Unarmed Combat
    13 | D        | Reached XP level 2. HP: 16/16 MP: 3/3
    16 | D        | Killed an ogre
    16 | D        | Reached skill level 9 in Unarmed Combat
    16 | D        | Reached XP level 3. HP: 14/19 MP: 4/4
    16 | D        | Reached XP level 4. HP: 17/23 MP: 5/5
    54 | D        | Noticed Sigmund
    65 | D        | Killed Sigmund
    65 | D        | Reached skill level 11 in Unarmed Combat
    65 | D        | Reached XP level 5. HP: 24/27 MP: 7/7
    77 | D        | Found a deep blue altar of Sif Muna.
    78 | D        | Noticed a jelly
    79 | D        | Found a radiant altar of Vehumet.
    83 | D        | Killed a jelly
   114 | D        | Found Wuacur's Distillery.
   114 | D        | Found a white marble altar of Elyvilon.
   114 | D        | Found a stormy altar of Qazlal.
   114 | D        | Found a burning altar of Makhleb.
   114 | D        | Found a basalt altar of Yredelemnul.
   114 | D        | Found a glowing golden altar of the Shining One.
   114 | D        | Found a sparkling altar of Nemelex Xobeh.
   114 | D        | Found a shimmering altar of Xom.
   114 | D        | Found an ancient bone altar of Kikubaaqudgha.
   114 | D        | Found a glowing silver altar of Zin.
   114 | D        | Noticed a yak
   116 | D        | Found an iron altar of Okawaru.
   118 | D        | Found a bloodstained altar of Trog.
   120 | D        | Became a worshipper of Qazlal Stormbringer
   120 | D        | Acquired Qazlal's first power
   120 | D        | Acquired Qazlal's second power
   224 | D        | Found a viscous altar of Jiyva.
   224 | D        | Found a blossoming altar of Fedhas.
   224 | D        | Noticed a slime creature
   225 | D        | Found a snail-covered altar of Cheibriados.
   225 | D        | Found a shadowy altar of Dithmenos.
   233 | D        | Demolished by a slime creature

Action                   |  1- 3 |  4- 6 || total
-------------------------+-------+-------++-------
Melee: Unarmed           |     7 |    17 ||    24
Invok: Upheaval          |       |     1 ||     1
  Use: Potion            |     1 |       ||     1
 Stab: Sleeping          |       |     1 ||     1
